 Dungeon Crawl Stone Soup version 0.24.0-123-gd5b16e6ec5 (webtiles) character file.

Game seed: 8570918110512974876, levelgen mode: deterministic

50 Elellon the Chopper (level 3, -13/31 HPs)
             Began as a Hill Orc Fighter on Jan 16, 2020.
             Mangled by an orc warrior
             ... wielding a +0 scimitar
              (14 damage)
             ... on level 1 of the Dungeon.
             The game lasted 00:02:00 (1324 turns).

Elellon the Chopper (Hill Orc Fighter)              Turns: 1324, Time: 00:02:01

Health: -13/31     AC: 11    Str: 19    XL:     3   Next: 79%
Magic:  3/3        EV:  3    Int:  8    God:
Gold:   84         SH:  9    Dex: 10    Spells: 2/2 levels left

rFire    . . .     SeeInvis .   a - +0 war axe
rCold    . . .     Gourm    .   c - +0 shield
rNeg     . . .     Faith    .   k - +0 plate armour
rPois    .         Spirit   .   (no helmet)
rElec    .         Reflect  .   (no cloak)
rCorr    .         Harm     .   (no gloves)
MR       .....                  (no boots)
Stlth    ..........             (no amulet)
HPRegen  0.10/turn              (no ring)
MPRegen  0.08/turn              (no ring)

@: no status effects
A: no striking features
a: no special abilities


You were on level 1 of the Dungeon.
You were hungry.

You visited 1 branch of the dungeon, and saw 2 of its levels.

You collected 84 gold pieces.

Inventory:

Hand Weapons
 a - a +0 war axe (weapon)
Missiles
 j - 31 poisoned darts (quivered)
Armour
 c - a +0 shield (worn)
 k - a +0 plate armour (worn)
Jewellery
 o - a +3 ring of evasion {unknown}
Scrolls
 b - a scroll of random uselessness {unknown}
 e - 2 scrolls of identify {unknown}
 g - a scroll of enchant armour {unknown}
 h - a scroll of enchant weapon {unknown}
 m - a scroll of remove curse {unknown}
 n - a scroll of fear {unknown}
Potions
 d - a potion of might
 i - 3 potions of curing {unknown}
Comestibles
 f - 3 rations
 l - 3 chunks of flesh


   Skills:
 - Level 3.6 Fighting
 + Level 5.3 Axes
 - Level 3.2 Armour
 - Level 3.2 Shields


You had 2 spell levels left.
You didn't know any spells.
Your spell library was empty.

Dungeon Overview and Level Annotations

Branches:
Dungeon (2/15)

Altars:


Message History

The orc priest is heavily wounded.
You closely miss the orc warrior. You hit the orc but do no damage.
The orc priest threatens, "By the altar or by the axe, you will meet Beogh!"
You block the orc warrior's attack. The orc priest barely misses you.
You block the orc's attack.
A rat comes into view.
Unknown command.
Number of times to repeat, then command key: You must enter the number of times for the command to repeat.
There is a stone staircase leading up here.
The orc warrior hits you with a +0 scimitar.
* * * LOW HITPOINT WARNING * * *
You climb upwards.
There is a stone staircase leading down here.
Unknown command.
You hit the orc warrior but do no damage.
The orc warrior is severely wounded.
You closely miss the orc. The orc hits you but does no damage.
The orc warrior hits you with a +0 scimitar!
You die...

#.# #.# #####.#### #.# #.#
########..... #.##### #.#
#.........##. #.#...## #.#
#.######..##. #.#...'## #.#
#.# #..##. #.#...#.# #.# #.#
##.#.. #.#...#'####.# #.#
#.#..
#รท#...#.....o####[#######.#..
#.#...#.<...@o............#..
#.#####.....#####.#######....
#.# #.....# #.# #...# #.#
#.##### #.# #...# #.#
##.#########.# #...# #.#
#............# ###.#.#
#.####.############ #.....#
#.#........# #......
#.#.##.###.# #......


You could see an orc warrior and an orc.

Vanquished Creatures
  An ooze (D:1)
  3 dart slugs
  2 leopard geckos (D:1)
  An orc (D:2)
  A giant cockroach (D:1)
  A goblin (D:2)
  5 hobgoblins
  4 jackals (D:1)
  5 kobolds
  7 bats
  3 rats
33 creatures vanquished.

Notes
Turn   | Place    | Note
-------+----------+-------------------------------------------
     0 | D:1      | Elellon the Hill Orc Fighter began the quest for the Orb.
     0 | D:1      | Reached XP level 1. HP: 19/19 MP: 1/1
    14 | D:1      | Reached skill level 3 in Axes
   106 | D:1      | Reached XP level 2. HP: 25/26 MP: 2/2
   219 | D:1      | Reached skill level 4 in Axes
   279 | D:1      | Reached XP level 3. HP: 16/31 MP: 3/3
   874 | D:1      | Reached skill level 5 in Axes
  1311 | D:2      | Noticed an orc warrior
  1322 | D:2      | HP: 1/31 [orc warrior/+0 scimitar (5)]
  1324 | D:1      | Mangled by an orc warrior

Levels and vault maps discovered:
D:1:      dpeg_arrival_connections, layout_basic, corexii_hall_statues_i
D:2:      layout_loops_ring

Skill      XL: |  1  2  3 |
---------------+----------+-----
Axes           | 3 4 5 |  5.3
Fighting       | |  3.6
Armour         | |  3.2
Shields        | |  3.2

Action                   || total
-------------------------++-------
Melee: War axe           ||   109
  Eat: Chunk             ||     1
Armor: Scale mail        ||    42
       Plate armour      ||    33
Dodge: Dodged            ||    34
Block: Shield            ||    71
